 Dungeon Crawl Stone Soup version 0.28-a0-1560-g060a6a1bfc (webtiles) character file.

Game seed: 1438866263220654846

1036 Majang the Skirmisher (level 8, -2/71 HPs)
             Began as a Ghoul Gladiator on Jan 19, 2022.
             Was a Follower of Makhleb.
             Slain by Maggie (4 damage)
             ... on level 6 of the Dungeon.
             The game lasted 00:15:39 (4392 turns).

Majang the Skirmisher (Ghoul Gladiator)             Turns: 4392, Time: 00:15:40

Health: -2/71      AC: 12    Str: 20    XL:     8   Next: 24%
Magic:  10/10      EV:  9    Int:  5    God:    Makhleb [*.....]
Gold:   1065       SH:  0    Dex: 16    Spells: 7/7 levels left

rFire   . . .      SeeInvis .   a - +1 war axe
rCold   + . .      Faith    .   (no shield)
rNeg    + + +      Spirit   .   k - +1 chain mail of the Tired Spirits {Drain rElec Int+2 Dex+6}
rPois   ∞          Reflect  .   e - +2 hat
rElec   +          Harm     .   (no cloak)
rCorr   .          Rampage  .   i - +0 pair of gloves
Will    .....                   (no boots)
Stlth   ..........              l - amulet of the acrobat
HPRegen 0.00/turn               (no ring)
MPRegen 0.12/turn               (no ring)

@: mesmerised, inhibited regen, hasted, studying Invocations, very quick
A: claws 1, cold resistance 1, negative energy resistance 3, inhibited
regeneration, torment resistance 2
a: Renounce Religion


You were on level 6 of the Dungeon.
You worshipped Makhleb.
Makhleb was aware of your devotion.
You visited 2 branches of the dungeon, and saw 7 of its levels.

You collected 1115 gold pieces.
You spent 50 gold pieces at shops.

Inventory:

Hand Weapons
 a - a +1 war axe (weapon)
 v - a +0 flail
Missiles
 d - 2 throwing nets (quivered)
 o - 30 arrows
Armour
 e - a +2 hat (worn)
 i - a +0 pair of gloves (worn)
 k - the +1 chain mail of the Tired Spirits (worn) {Drain rElec Int+2 Dex+6}
   (You found it on level 5 of the Dungeon)

   Int:       It affects your intelligence (+2).
   Dex:       It affects your dexterity (+6).
   rElec:     It insulates you from electricity.
   Drain:     It drains your maximum health when unequipped.
 n - a +1 scale mail
Jewellery
 l - an amulet of the acrobat (around neck)
Wands
 q - a wand of digging (4)
 u - a wand of mindburst (13)
Scrolls
 c - a scroll of fog
 g - a scroll of enchant weapon
 h - 3 scrolls of identify
 p - 4 scrolls of teleportation
 t - a scroll of magic mapping {unknown}
Potions
 b - a potion of berserk rage
 f - a potion of haste
 m - a potion of flight {unknown}
 r - 2 potions of might {unknown}
 s - a potion of magic {unknown}


   Skills:
 * Level 6.6 Fighting
 * Level 5.8 Axes
 - Level 1.7 Throwing
 + Level 1.9 Armour
 + Level 3.4 Dodging
 + Level 4.0 Invocations


You had 7 spell levels left.
You didn't know any spells.
Your spell library contained the following spells:

 Spells                   Type           Power      Damage    Failure   Level
 Pain                     Necr           0%         1d4       99%         1
 Shock                    Conj/Air       0%         1d3       99%         1
 Corpse Rot               Necr/Air       0%         N/A       100%        2
 Frozen Ramparts          Ice            0%         1d2       100%        3
 Ozocubu's Armour         Ice            0%         N/A       100%        3
 Swiftness                Air            0%         N/A       100%        3
 Airstrike                Air            0%         N/A       100%        4
 Dispel Undead            Necr           0%         3d6       100%        4
 Summon Ice Beast         Ice/Summ       0%         N/A       100%        4
 Agony                    Necr           0%         N/A       100%        5
 Excruciating Wounds      Necr           0%         N/A       100%        5
 Metabolic Englaciation   Hex/Ice        0%         N/A       100%        5
 Death Channel            Necr           0%         N/A       100%        6
 Simulacrum               Ice/Necr       0%         N/A       100%        6
 Ice Form                 Ice/Tmut       Unusable   N/A       N/A         4

Dungeon Overview and Level Annotations

Branches:
Dungeon (6/15)             Temple (1/1) D:4

Altars:
Ashenzari
Dithmenos
Elyvilon
Fedhas
Hepliaklqana
Kikubaaqudgha
Makhleb
Nemelex Xobeh
Okawaru
Qazlal
Ru
Sif Muna
Trog
Vehumet
Xom
Yredelemnul
The Shining One

Shops:
D:2 ?

Annotations:
D:4 2 runed translucent doors, Jepp2078's ghost, amateur GnVM
D:6 Maggie


Innate Abilities, Weirdness & Mutations

You thrive by killing the living.
You are immune to poison.
You have sharp fingernails.
Your flesh is cold resistant. (rC+)
You are immune to negative energy. (rN+++)
You do not regenerate when monsters are visible.
You are immune to unholy pain and torment.


Message History

Maggie is moderately wounded.
You hit Maggie.
Maggie is moderately wounded.
Maggie points at you and mumbles some strange words.
The bolt of fire misses you.
You hit Maggie but do no damage.
Maggie is moderately wounded.
Maggie smiles, but it's obviously fake.
Maggie hits you with a +0 halberd!
You closely miss Maggie.
Maggie is moderately wounded.
Maggie hits you with a +0 halberd.
You hit Maggie but do no damage.
Maggie is moderately wounded.
You break out of your daze.
Maggie hits you with a +0 halberd.
You closely miss Maggie.
Maggie is moderately wounded.
You barely miss Maggie.
Maggie is moderately wounded.
Maggie barely misses you.
You closely miss Maggie.
Maggie is moderately wounded.
Maggie points at you and mumbles some strange words.
The bolt of fire hits you!!
* * * LOW HITPOINT WARNING * * *
Unknown command.
You barely miss Maggie.
Maggie is moderately wounded.
Maggie mumbles some strange words.
Maggie attempts to bespell you!
You are mesmerised by Maggie!
You slash Maggie!
Maggie is heavily wounded.
Maggie barely misses you.
Okay, then.
You barely miss Maggie.
Maggie is heavily wounded.
Maggie hits you with a +0 halberd.
You die...

# ######..##..#
l...#....<......#
#..............#
##.#.#####..####
... #..# #.# #..#
#.#######..#
#######..........#
#....@@..........#
...################


You could see Maggie (mesmerising).

Vanquished Creatures
  The ghost of hemabe71 the Charlatan, a novice HuAr (D:5)
  A black bear (D:5)
  2 ogres
  A scorpion (D:4)
  A wyvern skeleton (D:6)
  A water moccasin skeleton (D:5)
  A hound (D:4)
  An orc priest (D:3)
  A centaur skeleton (D:4)
  An iguana (D:5)
  3 orc wizards
  A hound zombie (D:5)
  3 adders
  An ufetubus (D:5)
  2 worms
  5 dart slugs
  7 orcs
  6 endoplasms
  3 giant cockroaches (D:2)
  13 goblins
  5 hobgoblins
  4 quokkas
  9 ball pythons
  5 bats
  5 frilled lizards
  7 kobolds
  4 rats
94 creatures vanquished.

Notes
Turn   | Place    | Note
-------+----------+-------------------------------------------
     0 | D:1      | Majang the Ghoul Gladiator began the quest for the Orb.
     0 | D:1      | Reached XP level 1. HP: 17/17 MP: 0/0
   201 | D:1      | Reached XP level 2. HP: 24/25 MP: 1/1
   657 | D:1      | Reached skill level 3 in Fighting
   918 | D:1      | Reached XP level 3. HP: 29/31 MP: 2/2
  1411 | D:2      | Found Guxyf's Magic Scroll Shop.
  1416 | D:2      | Bought a scroll of identify for 20 gold pieces
  1416 | D:2      | Bought a scroll of teleportation for 30 gold pieces
  1667 | D:3      | Reached XP level 4. HP: 32/38 MP: 3/3
  1719 | D:3      | Found a faded altar of an unknown god.
  1878 | D:3      | Reached skill level 4 in Fighting
  1886 | D:3      | Reached XP level 5. HP: 46/46 MP: 4/4
  1990 | D:3      | Found a sacrificial altar of Ru.
  2014 | D:3      | Became a worshipper of Ru the Awakened
  2131 | D:3      | Found a burning altar of Makhleb.
  2133 | D:3      | Noticed a cacodemon
  2170 | D:3      | Noticed an orange demon
  2170 | D:3      | Noticed a hellwing
  2172 | D:3      | Fell from the grace of Ru
  2172 | D:3      | Became a worshipper of Makhleb the Destroyer
  2419 | D:3      | Found a bloodstained altar of Trog.
  2420 | D:3      | Found an iron altar of Okawaru.
  2421 | D:3      | Found a shimmering altar of Xom.
  2422 | D:3      | Found a shimmering blue altar of Sif Muna.
  2623 | D:4      | Found a staircase to the Ecumenical Temple.
  2703 | D:4      | Reached skill level 5 in Fighting
  2703 | D:4      | Reached skill level 1 in Invocations
  2703 | D:4      | Reached XP level 6. HP: 55/56 MP: 5/5
  2733 | D:4      | Found a large runed translucent door.
  2739 | Temple   | Entered the Ecumenical Temple
  2821 | D:4      | Found a large runed translucent door.
  2824 | D:4      | Noticed Jepp2078's ghost (amateur GnVM)
  2913 | D:4      | Reached * piety under Makhleb
  3195 | D:5      | Entered Level 5 of the Dungeon
  3197 | D:5      | Identified 2 scrolls of acquirement
  3197 | D:5      | Acquired 914 gold pieces
  3199 | D:5      | Acquired a manual of Invocations
  3235 | D:5      | Reached skill level 5 in Axes
  3235 | D:5      | Reached XP level 7. HP: 58/61 MP: 7/7
  3269 | D:5      | Identified the +1 chain mail of the Tired Spirits {Drain
                  | rElec Int+2 Dex+6}
  3292 | D:5      | Found a runed translucent door.
  3309 | D:5      | Noticed hemabe71's ghost (novice HuAr)
  3700 | D:5      | Reached skill level 1 in Armour
  3833 | D:5      | Reached skill level 6 in Fighting
  4094 | D:5      | Killed hemabe71's ghost
  4095 | D:5      | Reached XP level 8. HP: 44/71 MP: 9/9
  4366 | D:6      | Noticed Maggie
  4389 | D:6      | HP: 2/71 [Maggie/bolt of fire (21)]
  4392 | D:6      | Slain by Maggie

Illustrated notes

Levels and vault maps discovered:
D:1:      lightli_molten_gateway, layout_basic
D:2:      wander_river, layout_rooms, serial_shops, shop
D:3:      layout_loops_ring, general_overflow_altar, makhleb_altar_promises_db,
          mainiacjoe_overflow_alcove_3, mainiacjoe_overflow_catwalk,
          hellmonk_ecumenical_altar_lost_god, amcnicky_mini_pool_small
D:4:      layout_gridville, minmay_temple_entry_stoned_glass,
          ebering_ghost_disaster_area, minmay_ogre_servants
D:5:      layout_loops_ring, ebering_ghost_reflecting_pool
D:6:      layout_loops_ring, uniq_maggie
Temple:   zaba_magenta_temple

Skill      XL: |  1  2  3  4  5  6  7  8 |
---------------+-------------------------+-----
Axes           | 3 4 5 |  5.8
Fighting       | 3 4 5 6 |  6.6
Invocations    | 1 2 3 4 |  4.0
Armour         | 1 |  1.9
Dodging        | 3 |  3.4
Throwing       | |  1.7

Action                   |  1- 3 |  4- 6 |  7- 9 || total
-------------------------+-------+-------+-------++-------
Melee: War axe           |   118 |   136 |    75 ||   329
       Punch             |     1 |       |     3 ||     4
Throw: Throwing net      |       |     2 |       ||     2
  Use: Scroll            |     3 |     5 |       ||     8
       Potion            |       |     1 |     5 ||     6
Armor: Leather armour    |     4 |       |       ||     4
       Ring mail         |    52 |    35 |       ||    87
       Scale mail        |       |    23 |       ||    23
       Chain mail        |       |       |    54 ||    54
Dodge: Dodged            |    82 |    70 |    42 ||   194

Table legend: (Time is in decaauts)
 A = Elapsed time spent in this place.
 B = Non-inter-level travel time spent in this place.
 C = Inter-level travel time spent in this place.
 D = Time resting spent in this place.
 E = Time spent auto-exploring this place.
 F = Levels seen in this place.
 G = Mean time per level.
                   A        B        C        D        E       F      G
               +--------+--------+--------+--------+--------+-----+--------+
         Total |   4487 |   4312 |    175 |    565 |   2832 |   7 |  641.0 |
       Dungeon |   4407 |   4287 |    120 |    565 |   2832 |   6 |  734.5 |
        Temple |     79 |     24 |     55 |      0 |      0 |   1 |   79.0 |
               +--------+--------+--------+--------+--------+-----+--------+

Top non-repeatable levels by time:
     D:1: 1276 daAuts
     D:5: 1058 daAuts
     D:3: 957 daAuts
     D:4: 532 daAuts
     D:2: 427 daAuts
     D:6: 155 daAuts
  Temple: 79 daAuts
